 Dungeon Crawl Stone Soup version 0.30-a0-368-g86fb4627a9 (webtiles) character file.

Game seed: 12648971996929169485

1481 AllHailTony the Covered (level 8, 0/70 HPs)
             Began as a Minotaur Fighter on Nov 18, 2022.
             Was an Initiate of Yredelemnul.
             Slain by a ynoxinul (1 damage)
             ... summoned by a kobold demonologist
             ... on level 6 of the Dungeon.
             The game lasted 00:38:47 (7471 turns).

AllHailTony the Covered (Minotaur Fighter)          Turns: 7471, Time: 00:38:48

Health: 0/70       AC: 10    Str: 22    XL:     8   Next: 50%
Magic:  7/7        EV:  8    Int:  5    God:    Yredelemnul [......]
Gold:   338        SH:  5    Dex: 11    Spells: 7/7 levels left

rFire   . . .      SeeInvis .    a - +0 trident
rCold   . . .      Faith    .    c - +0 buckler
rNeg    . . .      Spirit   .    t - +0 chain mail
rPois   .          Reflect  .    (helmet restricted)
rElec   .          Harm     .    o - scarf {shadows}
rCorr   .          Rampage  .    (no gloves)
Will    .....                    (no boots)
Stlth   ..........               (no amulet)
HPRegen 0.31/turn                (no ring)
MPRegen 0.10/turn                (no ring)

@: weak-willed
A: horns 2, retaliatory headbutt
a: Renounce Religion, Recall Undead Harvest


You were on level 6 of the Dungeon.
You worshipped Yredelemnul.
Yredelemnul was noncommittal.
You visited 2 branches of the dungeon, and saw 7 of its levels.

You collected 338 gold pieces.

Inventory:

Hand Weapons
 a - a +0 trident (weapon)
 p - a +2 quarterstaff of chaos
Armour
 b - a +0 scale mail
 c - a +0 buckler (worn)
 o - a scarf of shadows (worn)
 t - a +0 chain mail (worn)
Jewellery
 w - a ring of poison resistance
Wands
 x - a wand of polymorph (4)
 A - a wand of roots (19)
Scrolls
 e - 7 scrolls of identify {unknown}
 f - a scroll of summoning {unknown}
 g - a scroll of magic mapping {unknown}
 h - 2 scrolls of fog {unknown}
 k - a scroll of immolation {unknown}
 m - 2 scrolls of torment {unknown}
 q - a scroll of blinking {unknown}
 u - a scroll of teleportation {unknown}
 y - a scroll of enchant weapon {unknown}
 z - a scroll of enchant armour {unknown}
Potions
 d - a potion of flight {unknown}
 i - 3 potions of degeneration {unknown}
 j - 3 potions of heal wounds {unknown}
 n - a potion of brilliance {unknown}
 r - a potion of invisibility {unknown}
 s - a potion of berserk rage {unknown}


   Skills:
 + Level 5.7 Fighting
 + Level 7.6 Polearms
 + Level 7.7 Armour
 + Level 3.0 Dodging
 + Level 1.3 Stealth
 + Level 6.0 Shields


You had 7 spell levels left.
You didn't know any spells.
Your spell library contained the following spells:

 Spells                   Type           Power      Damage    Failure   Level
 Freeze                   Ice            0%         1d3       99%         1
 Kiss of Death            Conj/Necr      0%         2d5       99%         1
 Confusing Touch          Hex            0%         N/A       100%        3
 Frozen Ramparts          Ice            0%         1d1       100%        3
 Hailstorm                Conj/Ice       0%         3d3       100%        3
 Dispel Undead            Necr           0%         3d6       100%        4


Dungeon Overview and Level Annotations

Branches:
Dungeon (6/15)             Temple (1/1) D:6

Altars:
Ashenzari
Cheibriados
Dithmenos
Elyvilon
Fedhas
Gozag
Hepliaklqana
Makhleb
Nemelex Xobeh
Okawaru
Qazlal
Ru
Trog
Yredelemnul
Zin
The Shining One


Innate Abilities, Weirdness & Mutations

You have a pair of horns on your head.
You reflexively headbutt those who attack you in melee.


Message History

The smoke demon is moderately wounded.
The ynoxinul gestures.
The smoke demon hits you but does no damage.
The smoke demon hits you. x2
You closely miss the smoke demon.
The smoke demon is moderately wounded.
The smoke demon hits you but does no damage.
The smoke demon completely misses you. The smoke demon closely misses you.
You hit the smoke demon.
The smoke demon is heavily wounded.
You are engulfed in a cloud of scalding steam.
You block the smoke demon's attack. The smoke demon barely misses you.
You block the smoke demon's attack.
You hit the smoke demon. You headbutt the smoke demon!
The smoke demon is severely wounded.
The ynoxinul gestures.
The smoke demon gestures at you. Something smites you!
* * * LOW HITPOINT WARNING * * *
It was a potion of curing.
You feel better. The ynoxinul closely misses you.
The ufetubus splashes around in the water.
You block the ufetubus's attack.
The smoke demon hits you but does no damage.
The smoke demon hits you.
* * * LOW HITPOINT WARNING * * *
The smoke demon hits you but does no damage.
You barely miss the smoke demon. Your headbutt misses the smoke demon.
The smoke demon is severely wounded.
The ufetubus hits you.
* * * LOW HITPOINT WARNING * * *
The ufetubus hits you but does no damage.
The ynoxinul hits you but does no damage.
The smoke demon gestures at you. Something smites you!
* * * LOW HITPOINT WARNING * * *
You block the ufetubus's attack. The ufetubus barely misses you.
As you read the scroll labelled HORRUOF PISEPP, it crumbles to dust.
Magic quickly surges around you.
It was a scroll of vulnerability.
The ynoxinul hits you.
You die...
Your body rises from the dead as a mindless zombie.

..>.##.#.#........##...
........##.............
.).........##########
...)...###.#8P#K)....
#'####.#.#.#~.#≈≈≈≈≈≈
.....'.[...#..#..~~~.
...#.#....©#5555.P♣~ .
#.#.....#33#..~P~. #
#.....#5@#≈≈≈≈≈≈
+..##.#8P#o5....
#..##.##########
....##...........
#...###....###...
.....# .. ?....##


You could see a kobold demonologist, a smoke demon (summoned, weak-willed), a
ynoxinul (summoned, weak-willed), an orc priest, a shadow imp and 5 ufetubi.

Vanquished Creatures
  3 black bears
  An ice beast (D:5)
  An orc warrior (D:4)
  A centaur (D:5)
  A necrophage (D:5)
  2 scorpions (D:4)
  A howler monkey (D:5)
  Crazy Yiuf (D:3)
  3 orc priests
  4 hounds
  A jelly (D:5)
  3 iguanas
  5 orc wizards
  Natasha (D:3)
  4 gnolls
  7 adders
  A shadow imp (D:6)
  An ufetubus (D:5)
  2 worms
  26 orcs
  2 ball pythons
  7 endoplasms
  2 giant cockroaches (D:3)
  7 goblins
  8 hobgoblins
  3 jackals (D:4)
  6 quokkas
  6 bats
  6 frilled lizards
  2 kobolds
  7 rats
125 creatures vanquished.

Vanquished Creatures (others)
  An orc zombie (D:6)
  3 plants (D:6)
4 creatures vanquished.

Grand Total: 129 creatures vanquished

Notes
Turn   | Place    | Note
-------+----------+-------------------------------------------
     0 | D:1      | AllHailTony the Minotaur Fighter began the quest for the
                  | Orb.
     0 | D:1      | Reached XP level 1. HP: 19/19 MP: 0/0
   216 | D:1      | Reached XP level 2. HP: 27/27 MP: 1/1
   870 | D:2      | Reached XP level 3. HP: 33/33 MP: 2/2
  1920 | D:3      | Found a broken altar of Ashenzari.
  2151 | D:3      | Found an opulent altar of Gozag.
  2152 | D:3      | Found an iron altar of Okawaru.
  2327 | D:3      | Found a runed translucent door.
  2328 | D:3      | Noticed Crazy Yiuf
  2355 | D:3      | Killed Crazy Yiuf
  2356 | D:3      | Reached skill level 1 in Dodging
  2356 | D:3      | Reached XP level 4. HP: 10/40 MP: 0/3
  3360 | D:3      | Noticed Natasha
  3367 | D:3      | Killed Natasha
  3742 | D:4      | Reached XP level 5. HP: 47/47 MP: 4/4
  3746 | D:4      | Reached skill level 5 in Armour
  3995 | D:4      | Reached XP level 6. HP: 55/55 MP: 5/5
  4046 | D:4      | Noticed an orc warrior
  4069 | D:4      | Reached skill level 5 in Polearms
  4091 | D:4      | Killed an orc warrior
  4092 | D:4      | Reached skill level 5 in Fighting
  4098 | D:4      | HP: 1/56 [orc/+0 spear (2)]
  4581 | D:4      | Reached XP level 7. HP: 54/61 MP: 6/6
  5254 | D:4      | Found a sacrificial altar of Ru.
  5302 | D:4      | Reached skill level 5 in Shields
  5781 | D:5      | Entered Level 5 of the Dungeon
  5827 | D:5      | Reached skill level 1 in Stealth
  6086 | D:5      | Reached XP level 8. HP: 68/69 MP: 7/7
  6349 | D:5      | Found a white marble altar of Elyvilon.
  6886 | D:6      | Found a staircase to the Ecumenical Temple.
  6922 | D:6      | Noticed a kobold demonologist
  6944 | Temple   | Entered the Ecumenical Temple
  7299 | Temple   | Became a worshipper of Yredelemnul the Dark
  7408 | D:6      | Found a transporter.
  7428 | D:6      | Noticed a hellwing
  7456 | D:6      | Noticed a smoke demon
  7470 | D:6      | HP: 1/70 [smoke demon/divine providence[a kobold
                  | demonologist] (16)]
  7471 | D:6      | Slain by a ynoxinul

Illustrated notes

Levels and vault maps discovered:
D:1:      dpeg_arrival_leaves_temple_mockup, layout_basic,
          grunt_decor_arrowhead, moated_statue
D:2:      layout_basic
D:3:      layout_basic, nicolae_overflow_crystal_walls, minitemple,
          gup_sewer_entry_spiral, uniq_natasha, uniq_crazy_yiuf_cottage
D:4:      minmay_chambers_of_twos, layout_basic, lemuel_coloured_pillars_altar
D:5:      layout_loops_ring, amcnicky_altar_gilded,
          amcnicky_mini_rare_corridor_liquid, st_stairs_10
D:6:      gammafunk_wand_slinger, layout_cave_pools,
          mainiacjoe_overflow_six_doors_small, nicolae_overflow_hidden_temple,
          temple_statues
Temple:   grunt_temple_mini_profane

Skill      XL: |  1  2  3  4  5  6  7  8 |
---------------+-------------------------+-----
Shields        | 4 5 6 |  6.0
Armour         | 4 5 6 7 |  7.7
Fighting       | 4 5 |  5.7
Polearms       | 3 4 5 6 7 |  7.6
Dodging        | 1 2 3 |  3.0
Stealth        | 1 |  1.3

Action                   |  1- 3 |  4- 6 |  7- 9 || total
-------------------------+-------+-------+-------++-------
Melee: Trident           |    70 |   107 |   196 ||   373
       Headbutt          |     9 |    21 |    33 ||    63
Evoke: Wand              |       |       |     4 ||     4
  Use: Potion            |       |     1 |     1 ||     2
       Scroll            |       |       |     1 ||     1
Armor: Scale mail        |    31 |    14 |       ||    45
       Chain mail        |       |    26 |   102 ||   128
Dodge: Dodged            |    39 |    45 |    86 ||   170
Block: Buckler           |    15 |    32 |    70 ||   117

Table legend: (Time is in decaauts)
 A = Elapsed time spent in this place.
 B = Non-inter-level travel time spent in this place.
 C = Inter-level travel time spent in this place.
 D = Time resting spent in this place.
 E = Time spent auto-exploring this place.
 F = Levels seen in this place.
 G = Mean time per level.
                   A        B        C        D        E       F      G
               +--------+--------+--------+--------+--------+-----+--------+
         Total |   7542 |   7477 |     65 |   1242 |     29 |   7 | 1077.4 |
       Dungeon |   7109 |   7044 |     65 |   1242 |     29 |   6 | 1184.8 |
        Temple |    432 |    432 |      0 |      0 |      0 |   1 |  432.0 |
               +--------+--------+--------+--------+--------+-----+--------+

Top non-repeatable levels by time:
     D:4: 2070 daAuts
     D:3: 2064 daAuts
     D:5: 1104 daAuts
     D:2: 949 daAuts
     D:1: 769 daAuts
  Temple: 432 daAuts
     D:6: 151 daAuts
